 Dungeon Crawl Stone Soup version 0.19.0-23-gf02e663 (console) character file.

37 2d6 the Cutter (level 3, -5/24 HPs)
             Began as a Kobold Chaos Knight on Nov 19, 2016.
             Slain by Natasha (8 damage)
             ... on level 2 of the Dungeon.
             The game lasted 00:05:41 (1154 turns).

2d6 the Cutter (Kobold Chaos Knight)                Turns: 1154, Time: 00:05:42

Health: -5/24      AC:  9    Str: 10    XL:     3   Next: 62%
Magic:  3/3        EV: 15    Int: 13    God:    Xom [*.....]
Gold:   93         SH:  5    Dex: 18    Spells: 0 memorised, 2 levels left

rFire  + . .     SeeInvis .     a - +0 short sword (chaos)
rCold  . . .     Gourm    .     b - +2 leather armour
rNeg   . . .     Faith    .     k - +0 buckler
rPois  .         Spirit   .     (no helmet)
rElec  .         Reflect  .     m - +0 cloak
rCorr  .         Harm     .     p - +0 pair of gloves
MR     +....                    (no boots)
Stlth  +.........               (no amulet)
                                (no ring)
                                i - +4 ring of dexterity

@: very slightly contaminated, slowed, invisible, very slow
A: claws 1, molten scales 1, carnivore 3, fire resistance 1, magic resistance 1
a: Renounce Religion


You were on level 2 of the Dungeon.
You worshipped Xom.
You were a special plaything of Xom.
You were completely stuffed.

You visited 1 branch of the dungeon, and saw 2 of its levels.

You collected 93 gold pieces.

Inventory:

Hand Weapons
 a - a +0 short sword of chaos (weapon)
Missiles
 d - 52 stones (quivered)
Armour
 b - a +2 leather armour (worn)
 k - a +0 buckler (worn)
 m - a +0 cloak (worn)
 p - a +0 pair of gloves (worn)
Jewellery
 i - a +4 ring of dexterity (left hand)
Scrolls
 e - a scroll of fog {unknown}
 f - a scroll of remove curse {unknown}
 g - 4 scrolls of identify {unknown}
 j - a scroll of amnesia {unknown}
 l - a scroll of recharging {unknown}
Potions
 n - 4 potions of curing
 o - a potion of agility
Comestibles
 c - a meat ration
 q - a chunk of flesh


   Skills:
 + Level 3.7 Fighting
 + Level 4.7 Short Blades
 - Level 0.7 Armour
 * Level 3.2 Dodging
 + Level 0.1 Shields


You had 2 spell levels left.
You didn't know any spells.

Dungeon Overview and Level Annotations

Branches:
Dungeon (2/15)

Altars:
Uskayaw

Annotations:
D:2 Natasha


Innate Abilities, Weirdness & Mutations

You are small and have problems with some larger weapons.
You are carnivorous and can eat meat at any time.
You have sharp fingernails.
You are partially covered in molten scales. (AC +2)
Your flesh is heat resistant. (rF+)
You are resistant to hostile enchantments. (MR+)


Message History

Here: Natasha (moderately wounded, poisoned)
The floor.
Okay, then.
You aren't carrying any items that you can evoke.
You hit Natasha.
Natasha is moderately wounded.
Natasha claws you but does no damage.
You hit Natasha.
Natasha flickers and vanishes!
Deactivating autopickup; reactivate with Ctrl-A.
You block something's attack.
You hear some strange, mumbled words.
You feel yourself slow down.
You hear some strange, mumbled words.
The white imp shouts, "Return whence thou came, thou obnoxious doghearted gudgeon!"
Something claws you.
* * * LOW HITPOINT WARNING * * *
You miss something. Something barely misses you.
The white imp shouts, "Face thy requiem, thou bawdy clapper-clawed harpy!"
The white imp misses you. Something claws you!
You die...

##.........))...#
#....... #....†#
##....... #.....#
#........##.....# ...
#...............#....
#....#+##.......#.....
#....#+##.....#.......
#.....{.......#.....#
##..@5.......#.....##
#...................
#........#..........
#........#.†........
####................
#................
.................
.................
.................


You could see a white imp.

Vanquished Creatures
  3 leopard geckos
  5 giant cockroaches
  5 hobgoblins
  5 bats
  2 frilled lizards
  6 goblins
  4 kobolds
  3 rats
33 creatures vanquished.

Vanquished Creatures (others)
  7 toadstools (D:1)
7 creatures vanquished.

Grand Total: 40 creatures vanquished

Notes
Turn   | Place    | Note
-------+----------+-------------------------------------------
     0 | D:1      | 2d6 the Kobold Chaos Knight began the quest for the Orb.
     0 | D:1      | Reached XP level 1. HP: 14/14 MP: 1/1
    11 | D:1      | XOM: harmless Tloc miscast
    69 | D:1      | Reached XP level 2. HP: 9/19 MP: 2/2
   591 | D:1      | Reached XP level 3. HP: 23/23 MP: 3/3
   789 | D:2      | Found a hide-covered altar of Uskayaw.
   829 | D:2      | XOM: give mutations
   829 | D:2      | Gained mutation: You are partially covered in molten scales. (AC +2) [Xom's grace]
   829 | D:2      | Gained mutation: You have sharp fingernails. [Xom's grace]
   829 | D:2      | Gained mutation: You are resistant to hostile enchantments. (MR+) [Xom's grace]
   829 | D:2      | Gained mutation: Your flesh is heat resistant. (rF+) [Xom's grace]
  1117 | D:2      | Noticed Natasha
  1154 | D:2      | Slain by Natasha

Skill      XL: |  1  2  3 |
---------------+----------+-----
Dodging        | 3 |  3.2
Fighting       | |  3.7
Short Blades   | |  4.7
Armour         | |  0.7
Shields        | |  0.1

Action                   || total
-------------------------++-------
Melee: Short sword       ||   106
  Use: Potion            ||     1
 Stab: Sleeping          ||     2
  Eat: Chunk             ||     9
Armor: Leather armour    ||    27
Dodge: Dodged            ||    61
Block: Buckler           ||    15
